EVO
UNIVERSITY OF TORONTO MARLIES @ UNIVERSITY OF NORTH CAROLINA AT CHAPEL HILL TAR HEELS
11/04/2047
 
TOP OF THE 1ST
University of Toronto Marlies batting - Pitching for University of North Carolina at Chapel Hill Tar Heels : LHP Gabe Zarco
Pitching: LHP Gabe Zarco
Batting: SHB Jose Melendez 0-0: Foul Ball, location: 2F
0-1: Ground out 3-1 (Groundball, 34S, EV 65.0 MPH)
Batting: LHB Efrem Isaev 0-0: Swinging Strike
0-1: Ball
1-1: Ground out U3 (Groundball, 3, EV 85.6 MPH)
Batting: SHB Jack Tierney 0-0: Ball
1-0: Swinging Strike
1-1: Foul Ball, location: 2F
1-2: Strikes out swinging
Top of the 1st over - 0 runs, 0 hits, 0 errors, 0 left on base; University of Toronto 0 - University of North Carolina at Chapel Hill 0
BOTTOM OF THE 1ST
University of North Carolina at Chapel Hill Tar Heels batting - Pitching for University of Toronto Marlies : RHP Matt Lane
Pitching: RHP Matt Lane
Batting: RHB Bill Atley 0-0: Foul Ball, location: 2F
0-1: Called Strike
0-2: Ball
1-2: Foul Ball, location: 2F
1-2: Foul Ball, location: 2F
1-2: Strikes out swinging
Batting: SHB Ryan Marsh 0-0: Foul Ball, location: 2F
0-1: Foul Ball, location: 2F
0-2: Ball
1-2: Strikes out swinging, 2-3 out at first.
Batting: LHB Ryan Young 0-0: Ball
1-0: Ground out 3-1 (Groundball, 34, EV 87.5 MPH)
Bottom of the 1st over - 0 runs, 0 hits, 0 errors, 0 left on base; University of Toronto 0 - University of North Carolina at Chapel Hill 0
TOP OF THE 2ND
University of Toronto Marlies batting - Pitching for University of North Carolina at Chapel Hill Tar Heels : LHP Gabe Zarco
Batting: RHB Logan Johnson 0-0: Called Strike
0-1: Ball
1-1: Foul Ball, location: 2F
1-2: Fly out, F7 (Flyball, 7, EV 84.4 MPH)
Batting: RHB Jeff McClellan 0-0: Ball
1-0: Ground out 6-3 (Groundball, 4MS, EV 92.5 MPH)
Batting: SHB Shannon Britten 0-0: Ground out 6-3 (Groundball, 56, EV 89.4 MPH)
Top of the 2nd over - 0 runs, 0 hits, 0 errors, 0 left on base; University of Toronto 0 - University of North Carolina at Chapel Hill 0
BOTTOM OF THE 2ND
University of North Carolina at Chapel Hill Tar Heels batting - Pitching for University of Toronto Marlies : RHP Matt Lane
Batting: RHB Jeremy Rollins 0-0: Swinging Strike
0-1: Ball
1-1: Fly out, F8 (Flyball, 8LD, EV 103.8 MPH)
Batting: SHB Sam Fredrick 0-0: Called Strike
0-1: Ground out 6-3 (Groundball, 6M, EV 96.9 MPH)
Batting: RHB Tan Halit 0-0: Fly out, F9 (Flyball, 89D, EV 91.2 MPH)
Bottom of the 2nd over - 0 runs, 0 hits, 0 errors, 0 left on base; University of Toronto 0 - University of North Carolina at Chapel Hill 0
TOP OF THE 3RD
University of Toronto Marlies batting - Pitching for University of North Carolina at Chapel Hill Tar Heels : LHP Gabe Zarco
Batting: RHB Elmar Adenauer 0-0: Ball
1-0: Called Strike
1-1: Called Strike
1-2: SINGLE (Groundball, 34D, EV 98.1 MPH)
Batting: SHB Ronnie Lundy 0-0: Called Strike
0-1: Ball
1-1: SINGLE (Groundball, 6MD, EV 101.9 MPH)
Elmar Adenauer to second
Runner from 2nd tries for 3rd, SAFE, no throw by CF
Batting: RHB George Sonier 0-0: SINGLE (Line Drive, 78M, EV 91.9 MPH)
Elmar Adenauer scores
Ronnie Lundy to second
Batting: SHB Jose Melendez 0-0: Ball
1-0: Ball
Wild Pitch!
Ronnie Lundy to third
George Sonier to second
2-0: Swinging Strike
2-1: Ground out 6-3 (Groundball, 6, EV 84.4 MPH)
Ronnie Lundy scores
Batting: LHB Efrem Isaev 0-0: Called Strike
0-1: Ball
1-1: Ball
2-1: Ball
3-1: Foul Ball, location: 2F
3-2: Foul Ball, location: 2F
3-2: Ground out U3 (Groundball, 34S, EV 68.1 MPH)
George Sonier to third
Batting: SHB Jack Tierney 0-0: Foul Ball, location: 2F
0-1: Foul Ball, location: 2F
0-2: Foul Ball, location: 2F
0-2: Ball
1-2: Ball
2-2: SINGLE (Flyball, 34D, EV 91.2 MPH)
George Sonier scores
Batting: RHB Logan Johnson 0-0: Ball
1-0: Ball
2-0: Ball
3-0: Base on Balls
Jack Tierney to second
Batting: RHB Jeff McClellan 0-0: Ball
1-0: Swinging Strike
1-1: Ground out 4-3 (Groundball, 4, EV 105.0 MPH)
Top of the 3rd over - 3 runs, 4 hits, 0 errors, 2 left on base; University of Toronto 3 - University of North Carolina at Chapel Hill 0
BOTTOM OF THE 3RD
University of North Carolina at Chapel Hill Tar Heels batting - Pitching for University of Toronto Marlies : RHP Matt Lane
Batting: SHB Jim Saxon 0-0: Ground out 6-3 (Groundball, 56, EV 106.2 MPH)
Batting: RHB Tony Jennings 0-0: Called Strike
0-1: Foul Ball, location: 2F
0-2: Foul Ball, location: 2F
0-2: Foul Ball, location: 2F
0-2: Ball
1-2: Ball
2-2: Foul Ball, location: 2F
2-2: Ground out 5-3 (Groundball, 56, EV 90.0 MPH)
Batting: RHB Mike Storey 0-0: Fly out, F7 (Line Drive, 7LM, EV 92.5 MPH)
Bottom of the 3rd over - 0 runs, 0 hits, 0 errors, 0 left on base; University of Toronto 3 - University of North Carolina at Chapel Hill 0
TOP OF THE 4TH
University of Toronto Marlies batting - Pitching for University of North Carolina at Chapel Hill Tar Heels : LHP Gabe Zarco
Batting: SHB Shannon Britten 0-0: Swinging Strike
0-1: Ground out 6-3 (Groundball, P, EV 81.9 MPH)
Batting: RHB Elmar Adenauer 0-0: Ball
1-0: Swinging Strike
1-1: Ball
2-1: Foul Ball, location: 2F
2-2: Foul Ball, location: 2F
2-2: Strikes out swinging
Batting: SHB Ronnie Lundy 0-0: Ball
1-0: Ball
2-0: Ball
3-0: Base on Balls
Batting: RHB George Sonier 0-0: Called Strike
0-1: Foul Ball, location: 2F
0-2: Foul Ball, location: 2F
0-2: Strikes out swinging
Top of the 4th over - 0 runs, 0 hits, 0 errors, 1 left on base; University of Toronto 3 - University of North Carolina at Chapel Hill 0
BOTTOM OF THE 4TH
University of North Carolina at Chapel Hill Tar Heels batting - Pitching for University of Toronto Marlies : RHP Matt Lane
Batting: RHB Bill Atley 0-0: Called Strike
0-1: Ball
1-1: Swinging Strike
1-2: Strikes out swinging
Batting: SHB Ryan Marsh 0-0: Called Strike
0-1: Called Strike
0-2: Fly out, F7 (Flyball, 78M, EV 98.8 MPH)
Batting: LHB Ryan Young 0-0: Swinging Strike
0-1: Swinging Strike
0-2: Foul Ball, location: 2F
0-2: Ball
1-2: Ball
2-2: Strikes out swinging
Bottom of the 4th over - 0 runs, 0 hits, 0 errors, 0 left on base; University of Toronto 3 - University of North Carolina at Chapel Hill 0
TOP OF THE 5TH
University of Toronto Marlies batting - Pitching for University of North Carolina at Chapel Hill Tar Heels : LHP Gabe Zarco
Batting: SHB Jose Melendez 0-0: Ball
1-0: Ball
2-0: Called Strike
2-1: Fly out, F8 (Flyball, 8LD, EV 85.6 MPH)
Batting: LHB Efrem Isaev 0-0: Called Strike
0-1: Ball
1-1: Swinging Strike
1-2: Strikes out swinging
Batting: SHB Jack Tierney 0-0: Foul Ball, location: 2F
0-1: Ball
1-1: Foul Ball, location: 2F
1-2: Foul Ball, location: 2F
1-2: Ball
2-2: Strikes out looking
Top of the 5th over - 0 runs, 0 hits, 0 errors, 0 left on base; University of Toronto 3 - University of North Carolina at Chapel Hill 0
BOTTOM OF THE 5TH
University of North Carolina at Chapel Hill Tar Heels batting - Pitching for University of Toronto Marlies : RHP Matt Lane
Batting: RHB Jeremy Rollins 0-0: Called Strike
0-1: Fly out, F7 (Flyball, 7S, EV 90.6 MPH)
Batting: SHB Sam Fredrick 0-0: Ball
1-0: Ball
2-0: Called Strike
2-1: Foul Ball, location: 2F
2-2: Ball
3-2: Foul Ball, location: 2F
3-2: Foul Ball, location: 2F
3-2: Fly out, F9 (Flyball, 9LM, EV 93.1 MPH)
Batting: RHB Tan Halit 0-0: Ball
1-0: Called Strike
1-1: Ground out 5-3 (Groundball, 56, EV 83.1 MPH)
Bottom of the 5th over - 0 runs, 0 hits, 0 errors, 0 left on base; University of Toronto 3 - University of North Carolina at Chapel Hill 0
TOP OF THE 6TH
University of Toronto Marlies batting - Pitching for University of North Carolina at Chapel Hill Tar Heels : LHP Gabe Zarco
Batting: RHB Logan Johnson 0-0: Ball
1-0: Ball
2-0: Ground out 5-3 (Groundball, 56, EV 101.2 MPH)
Pitching: RHP Jason Kaelber
Batting: RHB Jeff McClellan 0-0: Ball
1-0: Called Strike
1-1: Foul Ball, location: 2F
1-2: Fly out, F8 (Flyball, 8RD, EV 94.4 MPH)
Batting: SHB Shannon Britten 0-0: Called Strike
0-1: Ball
1-1: Swinging Strike
1-2: Ball
2-2: Foul Ball, location: 2F
2-2: Ball
3-2: Ground out 6-3 (Groundball, 6S, EV 71.9 MPH)
Top of the 6th over - 0 runs, 0 hits, 0 errors, 0 left on base; University of Toronto 3 - University of North Carolina at Chapel Hill 0
BOTTOM OF THE 6TH
University of North Carolina at Chapel Hill Tar Heels batting - Pitching for University of Toronto Marlies : RHP Matt Lane
Batting: SHB Jim Saxon 0-0: Called Strike
0-1: Swinging Strike
0-2: Foul Ball, location: 2F
0-2: Ground out 4-3 (Groundball, 34D, EV 88.1 MPH)
Batting: RHB Tony Jennings 0-0: Ball
1-0: Foul Ball, location: 2F
1-1: Called Strike
1-2: Reached on error, E1 (Groundball, 15S, EV 60.6 MPH)
Batting: RHB Mike Storey 0-0: Ball
1-0: SINGLE (Groundball, 4D, EV 105.6 MPH)
Tony Jennings to third
Runner from 3rd tries for Home, SAFE, throw by CF to home
Batting: RHB Bill Atley 0-0: Foul Ball, location: 2F
0-1: Ball
1-1: Fly out, F8 (Line Drive, 8RD, EV 93.8 MPH)
Batting: SHB Ryan Marsh 0-0: Ball
1-0: Ball
2-0: Fly out, F8 (Flyball, 89M, EV 88.1 MPH)
Bottom of the 6th over - 1 run, 1 hit, 1 error, 1 left on base; University of Toronto 3 - University of North Carolina at Chapel Hill 1
TOP OF THE 7TH
University of Toronto Marlies batting - Pitching for University of North Carolina at Chapel Hill Tar Heels : RHP Jason Kaelber
Batting: RHB Elmar Adenauer 0-0: Ball
1-0: Foul Ball, location: 2F
1-1: Ball
2-1: Foul Ball, location: 2F
2-2: Foul Ball, location: 2F
2-2: Foul Ball, location: 2F
2-2: Foul Ball, location: 2F
2-2: Ball
3-2: Foul Ball, location: 2F
3-2: Foul Ball, location: 2F
3-2: Ground out 1-3 (Groundball, 34S, EV 73.8 MPH)
Batting: SHB Ronnie Lundy 0-0: Called Strike
0-1: Swinging Strike
0-2: Ball
1-2: SOLO HOME RUN (Flyball, 78XD, EV 108.8 MPH), Distance : 426 ft
Batting: RHB George Sonier 0-0: Ball
1-0: SINGLE (Groundball, 5S, EV 68.1 MPH) (infield hit)
Pitching: RHP Vince Sumpter
Batting: SHB Jose Melendez 0-0: Foul Ball, location: 2F
0-1: Foul Ball, location: 2F
0-2: Foul Ball, location: 2F
0-2: Ball
1-2: Ball
2-2: Strikes out swinging
Batting: LHB Efrem Isaev 0-0: Called Strike
0-1: Ball
1-1: Swinging Strike
1-2: 2-RUN HOME RUN (Flyball, 7LD, EV 91.9 MPH), Distance : 338 ft
Batting: SHB Jack Tierney 0-0: Called Strike
0-1: Swinging Strike
0-2: Ball
1-2: SINGLE (Groundball, 56S, EV 64.4 MPH) (infield hit)
Batting: RHB Logan Johnson 0-0: Called Strike
0-1: Foul Ball, location: 2F
Pickoff Play to 1st, Runner tries for 2nd, OUT after rundown.
Top of the 7th over - 3 runs, 4 hits, 0 errors, 0 left on base; University of Toronto 6 - University of North Carolina at Chapel Hill 1
BOTTOM OF THE 7TH
University of North Carolina at Chapel Hill Tar Heels batting - Pitching for University of Toronto Marlies : RHP Matt Lane
Batting: LHB Ryan Young 0-0: Ball
1-0: Ball
2-0: Foul Ball, location: 2F
2-1: Foul Ball, location: 2F
2-2: Fly out, F8 (Flyball, 89M, EV 90.6 MPH)
Batting: RHB Jeremy Rollins 0-0: Called Strike
0-1: Swinging Strike
0-2: Strikes out swinging
Batting: SHB Sam Fredrick 0-0: Called Strike
0-1: Ball
1-1: Ball
2-1: SOLO HOME RUN (Flyball, 9D, EV 98.1 MPH), Distance : 377 ft
Batting: RHB Tan Halit 0-0: Foul Ball, location: 2F
0-1: Fly out, F8 (Flyball, 8RD, EV 101.9 MPH)
Bottom of the 7th over - 1 run, 1 hit, 0 errors, 0 left on base; University of Toronto 6 - University of North Carolina at Chapel Hill 2
TOP OF THE 8TH
University of Toronto Marlies batting - Pitching for University of North Carolina at Chapel Hill Tar Heels : RHP Vince Sumpter
Batting: RHB Logan Johnson 0-0: Ball
1-0: Foul Ball, location: 2F
1-1: Ball
2-1: Foul Ball, location: 2F
2-2: Ball
3-2: Base on Balls
Batting: RHB Jeff McClellan 0-0: Ball
1-0: Ball
2-0: Foul Ball, location: 2F
2-1: Foul Ball, location: 2F
2-2: Strikes out swinging
Pitching: RHP Jayden Whittick
Batting: SHB Shannon Britten 0-0: Ball
1-0: Grounds into double play, 6-4-3 (Groundball, 6, EV 85.6 MPH)
Top of the 8th over - 0 runs, 0 hits, 0 errors, 0 left on base; University of Toronto 6 - University of North Carolina at Chapel Hill 2
BOTTOM OF THE 8TH
University of North Carolina at Chapel Hill Tar Heels batting - Pitching for University of Toronto Marlies : RHP Matt Lane
Batting: SHB Jim Saxon 0-0: Called Strike
0-1: Called Strike
0-2: Foul Ball, location: 2F
0-2: Ground out 4-3 (Groundball, 4, EV 101.9 MPH)
Pitching: LHP Archie Creelman
Batting: RHB Tony Jennings 0-0: Ball
1-0: Ball
2-0: Called Strike
2-1: Ball
3-1: Base on Balls
Batting: RHB Mike Storey 0-0: Ball
1-0: Ball
2-0: Called Strike
2-1: Ball
3-1: Called Strike
3-2: Base on Balls
Tony Jennings to second
Batting: RHB Bill Atley 0-0: Called Strike
0-1: Ball
1-1: Fly out, F5 (Line Drive, 5, EV 71.2 MPH)
Batting: SHB Ryan Marsh 0-0: Ball
1-0: Ball
2-0: Foul Ball, location: 2F
2-1: Swinging Strike
2-2: Foul Ball, location: 2F
2-2: Fly out, F9 (Flyball, 9D, EV 91.2 MPH)
Bottom of the 8th over - 0 runs, 0 hits, 0 errors, 2 left on base; University of Toronto 6 - University of North Carolina at Chapel Hill 2
TOP OF THE 9TH
University of Toronto Marlies batting - Pitching for University of North Carolina at Chapel Hill Tar Heels : RHP Jayden Whittick
Pitching: RHP Ted Hurley
Batting: RHB Elmar Adenauer 0-0: Swinging Strike
0-1: Ball
1-1: Foul Ball, location: 2F
1-2: Strikes out swinging
Batting: SHB Ronnie Lundy 0-0: Ball
1-0: Fly out, F7 (Line Drive, 7LM, EV 89.4 MPH)
Batting: RHB George Sonier 0-0: Called Strike
0-1: SINGLE (Groundball, 4M, EV 101.9 MPH) (infield hit)
Batting: SHB Jose Melendez 0-0: SINGLE (Groundball, P, EV 90.6 MPH) (infield hit)
George Sonier to second
Batting: LHB Efrem Isaev 0-0: SINGLE (Groundball, 6S, EV 71.2 MPH) (infield hit)
George Sonier to third
Jose Melendez to second
Batting: SHB Jack Tierney 0-0: Called Strike
0-1: Ball
1-1: Ball
2-1: Foul Ball, location: 2F
2-2: Ball
3-2: Foul Ball, location: 2F
3-2: Foul Ball, location: 2F
3-2: Foul Ball, location: 2F
3-2: Foul Ball, location: 2F
3-2: SINGLE (Flyball, 56D, EV 91.9 MPH)
George Sonier scores
Jose Melendez to third
Efrem Isaev to second
Jose Melendez scores
Efrem Isaev to third
Batting: RHB Logan Johnson 0-0: Called Strike
0-1: Swinging Strike
0-2: Fly out, F8 (Flyball, 8RS, EV 66.2 MPH)
Top of the 9th over - 2 runs, 4 hits, 0 errors, 2 left on base; University of Toronto 8 - University of North Carolina at Chapel Hill 2
BOTTOM OF THE 9TH
University of North Carolina at Chapel Hill Tar Heels batting - Pitching for University of Toronto Marlies : LHP Archie Creelman
Batting: LHB Ryan Young 0-0: Called Strike
0-1: Ball
1-1: Ground out 4-3 (Groundball, 4, EV 101.2 MPH)
Batting: RHB Jeremy Rollins 0-0: Called Strike
0-1: Ball
1-1: Ball
2-1: Ball
3-1: Base on Balls
Pitching: LHP John Sceviour
Batting: SHB Sam Fredrick 0-0: Ball
1-0: Foul Ball, location: 2F
1-1: Ball
2-1: Fly out, F9 (Line Drive, 9, EV 91.9 MPH)
Batting: RHB Tan Halit 0-0: Ball
1-0: Ball
2-0: Ball
3-0: Base on Balls
Jeremy Rollins to second
Batting: SHB Jim Saxon 0-0: Called Strike
0-1: Ball
1-1: SINGLE (Groundball, 56D, EV 101.2 MPH)
Jeremy Rollins to third
Tan Halit to second
Batting: RHB Tony Jennings 0-0: Called Strike
0-1: Ball
1-1: Foul Ball, location: 2F
1-2: Ball
2-2: Ball
3-2: Foul Ball, location: 2F
3-2: Strikes out swinging
Bottom of the 9th over - 0 runs, 1 hit, 0 errors, 3 left on base; University of Toronto 8 - University of North Carolina at Chapel Hill 2
Thursday, December 15th , 2022 - OOTP Baseball 23.9 Build 102